Map: Eternal Empire LE

Players

MarineLorD

  • Race: Terran Terran
  • Spawn Location: 7:00

SKillous - Winner!

  • Race: Protoss Protoss
  • League: Grandmaster
  • Spawn Location: 1:00

Event: DreamHack SC2 Masters 2020 Summer Europe

VOD

Have the link to the VOD?

Description

Time

  • Played on: July 3, 2020, 12:22 p.m.
  • Length: 13:11

All games in this series

Show
View Real Time Build Order
Export as new Build Order

MarineLorD Terran 

Build Orders: Reaper Expand 

Get SALT Encoding   

  12  0:00  SCV  
  13  0:12  SCV  
  14  0:17  Supply Depot  
  14  0:24  SCV  
  15  0:38  SCV  
  15  0:39  Barracks  
  16  0:42  Refinery  
  16  0:50  SCV  
  17  1:02  SCV  
  18  1:14  SCV  
  19  1:26  Reaper  
  19  1:27  Orbital Command  
  20  1:42  Command Center  
  20  1:49  Supply Depot  
  20  1:55  SCV  
  20  1:58  Barracks Reactor  
  21  2:07  SCV  
  22  2:19  SCV  
  23  2:26  Command Center  
  23  2:31  SCV  
  23  2:35  Marine x2  
  26  2:39  Barracks  
  26  2:43  SCV  
  27  2:53  Marine x2  
  27  2:55  SCV  
  27  2:57  Orbital Command  
  30  3:09  SCV, Barracks  
  30  3:12  Marine  
  32  3:13  Marine  
  33  3:22  SCV  
  33  3:23  SCV  
  34  3:27  Barracks Tech Lab  
  34  3:30  Marine  
  34  3:31  Marine  
  36  3:34  SCV  
  36  3:35  SCV  
  36  3:40  Refinery, Orbital Command  
  38  3:46  SCV  
  38  3:47  Marine, SCV  
  38  3:48  Bunker  
  41  3:52  Stimpack  
  41  3:53  Marine  
  41  3:54  Marine  
  43  3:58  Barracks Tech Lab, SCV  
  43  3:59  SCV  
  45  4:06  Marauder, SCV  
  48  4:10  SCV  
  48  4:11  SCV  
  48  4:12  Factory  
  50  4:18  Marauder  
  50  4:20  Supply Depot  
  50  4:21  SCV  
  50  4:22  SCV  
  50  4:23  Marine, SCV  
  50  4:24  Marine  
  57  4:26  Combat Shield  
  57  4:31  Refinery  
  57  4:32  Marauder  
  57  4:34  SCV  
  57  4:35  SCV  
  61  4:41  Supply Depot  
  61  4:42  SCV  
  61  4:43  Supply Depot  
  61  4:46  SCV  
  61  4:48  SCV  
  60  4:53  Marauder, Marine  
  60  4:54  Marauder, Marine, SCV  
  67  5:00  Engineering Bay  
  67  5:01  SCV  
  67  5:02  SCV  
  67  5:05  Starport  
  69  5:09  Factory Reactor  
  69  5:11  Marine, SCV  
  69  5:14  SCV  
  72  5:17  SCV  
  72  5:22  Marauder x2  
  72  5:23  SCV  
  72  5:25  Supply Depot  
  72  5:26  Supply Depot  
  77  5:29  Terran Infantry Weapons Level 1  
  77  5:32  Concussive Shells  
  77  5:40  Orbital Command  
  77  5:46  Marine x2  
  77  5:47  Marauder x2, SCV x2, Supply Depot  
  77  5:49  Supply Depot  
  85  5:53  Refinery  
  85  5:54  Missile Turret  
  85  5:56  Medivac  
  87  5:58  Missile Turret  
  87  5:59  Medivac  
  87  6:02  SCV x2  
  91  6:06  Factory Reactor  
  91  6:10  Marauder  
  93  6:12  Barracks  
  93  6:13  Supply Depot  
  93  6:14  Marauder, Marine, Barracks  
  93  6:15  SCV  
  93  6:18  SCV x2  
  97  6:25  Marine  
  97  6:29  SCV  
  97  6:30  SCV  
  97  6:32  Marine  
  100  6:35  Medivac x2  
  100  6:38  SCV, Missile Turret  
  105  6:41  SCV  
  105  6:44  Marauder x2  
  110  6:50  Widow Mine x2, SCV  
  110  6:54  SCV x2  
  117  7:02  Barracks Reactor, Barracks Tech Lab  
  117  7:05  SCV  
  117  7:06  SCV  
  117  7:07  SCV  
  119  7:13  Marauder x2, Marine  
  119  7:14  Marine  
  125  7:15  Refinery  
  125  7:16  Refinery  
  125  7:17  Supply Depot x2  
  125  7:18  Supply Depot  
  125  7:39  Marauder, SCV x3, Viking x2  
  134  7:46  Marine  
  134  7:47  Marauder, Command Center  
  134  7:48  Marine  
  134  7:49  Marauder  
  134  7:51  SCV x3  
  142  7:55  Marine x2  
  142  7:57  Terran Infantry Armor Level 1  
  144  8:00  Marauder  
  144  8:03  Supply Depot x2  
  144  8:04  Marine  
  147  8:05  SCV  
  147  8:06  SCV  
  149  8:13  Ghost Academy  
  149  8:17  Marine x2  
  149  8:24  Viking x2  
  149  8:25  Marauder x2, Marine  
  158  8:28  Marine  
  158  8:29  Marauder  
  158  8:31  Supply Depot x3  
  158  8:32  SCV  
  158  8:33  Engineering Bay  
  158  8:34  Armory  
  162  8:35  Marine  
  163  8:46  Marauder, Barracks  
  163  8:47  Barracks  
  165  8:49  Barracks  
  165  8:52  SCV x3  
  168  9:00  Marine, Missile Turret  
  168  9:01  Marauder  
  169  9:04  Marine  
  169  9:05  Marauder  
  149  9:11  Marauder, Marine x2  
  149  9:12  Viking x2  
  148  9:21  Marine  
  148  9:22  Starport, Marauder  
  148  9:23  Terran Infantry Weapons Level 2  
  151  9:24  Terran Ship Weapons Level 1  
  151  9:27  Marine  
  151  9:28  Marauder  
  151  9:29  Marine  
  154  9:33  Planetary Fortress  
  154  9:34  SCV x2  
  156  9:42  Viking x2  
  160  9:45  Barracks Tech Lab  
  160  9:46  Barracks Reactor, Barracks Tech Lab  
  160  9:49  Ghost  
  160  9:52  Missile Turret  
  162  9:54  Widow Mine  
  162  9:59  Ghost x2  
  162  10:01  Terran Infantry Armor Level 2  
  162  10:05  Ghost  
  168  10:08  Refinery  
  168  10:09  Refinery  
  168  10:14  Viking x2  
  168  10:16  Viking  
  168  10:20  Viking  
  168  10:21  Widow Mine  
  158  10:44  Viking x2  
  160  10:50  Marine x2  
  160  10:51  Marauder  
  160  10:55  Marauder, Marine, Command Center  
  145  10:58  Marauder, Marine  
  145  11:03  Marine  
  145  11:04  Marauder x2, Marine  
  124  11:08  Marine  
  125  11:13  Marauder, Marine x2  
  125  11:16  Marauder, SCV x2  
  125  11:18  SCV  
  134  11:27  Marauder x3  
  134  11:28  SCV  
  141  11:34  SCV x2  
  141  11:37  Marauder  
  141  11:38  Marauder, Marine  
  148  11:40  Marine, SCV  
  148  11:41  Marine x2  
  148  11:46  SCV  
  153  11:48  Marauder x2  
  157  11:57  Supply Depot  
  157  12:00  Supply Depot  
  157  12:01  Missile Turret  
  157  12:04  Marauder x3, Marine  
  157  12:05  Marine  
  157  12:07  Marine  
  160  12:17  Marauder, Marine x2  
  160  12:18  Marine  
  160  12:19  Marauder  
  160  12:22  Marine  
  165  12:24  Planetary Fortress  
  165  12:25  Marauder x2  
  169  12:32  Marauder, Marine x2  
  169  12:34  Marine x2  
  174  12:38  Marauder  
  138  12:52  Marine x4  
Show
View Real Time Build Order
Export as new Build Order

SKillous Protoss - Winner!

Build Orders: 1 Gate Expand, Double Forge, Phoenix Opening, Colossus Rush 

Get SALT Encoding   

  12  0:00  Probe  
  13  0:12  Probe  
  14  0:17  Pylon  
  14  0:24  Probe  
  15  0:32  Probe  
  15  0:37  Gateway  
  15  0:40  Probe  
  16  0:46  Assimilator  
  17  0:51  Probe  
  18  1:03  Probe  
  19  1:15  Probe  
  20  1:24  Cybernetics Core  
  20  1:35  Nexus  
  20  1:38  Probe  
  21  1:45  Pylon  
  21  1:52  Assimilator  
  21  1:53  Adept, Probe  
  22  2:06  Probe  
  25  2:18  Probe  
  25  2:19  Stalker, Stargate  
  28  2:30  Probe  
  28  2:36  Warp Gate  
  29  2:42  Probe  
  29  2:43  Probe  
  30  2:51  Probe  
  31  2:54  Probe  
  31  2:57  Phoenix  
  33  3:01  Probe  
  36  3:06  Probe  
  37  3:13  Probe  
  37  3:14  Gateway  
  37  3:18  Phoenix  
  38  3:22  Probe  
  38  3:26  Probe  
  42  3:28  Pylon  
  42  3:34  Probe  
  42  3:38  Probe  
  42  3:39  Robotics Facility  
  44  3:42  Assimilator  
  44  3:45  Assimilator  
  44  3:46  Probe  
  45  3:50  Phoenix, Probe  
  48  3:58  Probe x2  
  50  4:10  Probe  
  50  4:11  Probe  
  50  4:12  Nexus  
  52  4:18  Pylon  
  52  4:20  Probe  
  52  4:22  Probe  
  53  4:31  Pylon  
  54  4:35  Probe  
  54  4:37  Robotics Bay  
  55  4:38  Forge  
  55  4:43  Probe  
  56  4:48  Probe  
  56  4:52  Observer  
  58  4:53  Sentry x2  
  58  4:55  Probe  
  58  4:56  Probe  
  58  4:58  Forge  
  63  5:01  Protoss Ground Weapons Level 1  
  63  5:04  Probe  
  63  5:06  Pylon  
  64  5:07  Probe  
  64  5:08  Observer  
  67  5:16  Probe  
  67  5:18  Colossus  
  67  5:19  Probe  
  67  5:21  Probe  
  69  5:27  Protoss Ground Armor Level 1  
  70  5:29  Probe x2  
  78  5:38  Gateway  
  78  5:39  Gateway x2  
  78  5:43  Gateway  
  78  5:44  Probe  
  78  5:45  Probe  
  78  5:47  Probe  
  81  5:57  Colossus  
  81  5:58  Probe x2  
  81  6:00  Pylon  
  81  6:03  Twilight Council  
  83  6:05  Probe  
  83  6:10  Shield Battery, Probe  
  91  6:22  Probe x2  
  91  6:24  Assimilator  
  91  6:27  Assimilator  
  91  6:29  Extended Thermal Lance  
  91  6:31  Probe, Observer, Pylon  
  92  6:35  Probe  
  92  6:36  Zealot x4  
  92  6:39  Pylon  
  101  6:40  Charge  
  101  6:43  Pylon x2  
  101  6:49  Gateway x2  
  101  6:52  Colossus  
  101  6:53  Protoss Ground Weapons Level 2  
  101  6:54  Pylon  
  107  7:01  Zealot x2  
  109  7:10  Probe  
  109  7:13  Photon Cannon  
  109  7:15  Shield Battery  
  110  7:16  Probe  
  110  7:19  Protoss Ground Armor Level 2, Zealot  
  110  7:21  Zealot x4  
  121  7:25  Pylon  
  121  7:29  Templar Archives  
  119  7:37  Colossus  
  119  7:38  Zealot  
  119  7:41  Pylon  
  121  7:50  Observer  
  119  7:56  Zealot x7  
  134  7:58  Probe  
  134  8:02  Pylon  
  134  8:07  High Templar  
  134  8:12  Blink  
  136  8:17  Nexus  
  136  8:18  High Templar x2  
  136  8:19  High Templar, Pylon  
  142  8:23  Archon  
  142  8:25  Archon  
  142  8:34  Observer, Zealot x3  
  148  8:37  Probe  
  149  8:48  High Templar, Pylon  
  149  8:49  High Templar  
  149  8:52  Stalker x3  
  149  8:54  Pylon  
  149  8:55  Pylon  
  157  8:56  Archon  
  157  8:57  Pylon  
  157  9:00  Protoss Ground Weapons Level 3  
  157  9:01  Warp Prism  
  141  9:14  Zealot x3  
  145  9:17  Gateway  
  145  9:20  Gateway x2  
  145  9:21  Gateway, Probe x2  
  143  9:26  Zealot x4  
  149  9:40  High Templar  
  149  9:41  High Templar x3  
  149  9:45  Archon x2  
  155  9:48  Dark Shrine  
  155  9:56  Protoss Ground Armor Level 3  
  155  10:01  Stalker x4  
  163  10:07  Pylon  
  163  10:14  Zealot x4  
  163  10:16  Nexus  
  163  10:17  Zealot  
  163  10:18  Pylon  
  163  10:20  Zealot  
  169  10:29  Disruptor  
  169  10:33  Zealot x7  
  141  10:36  Zealot x10  
  138  10:53  Disruptor  
  138  10:56  Zealot x7  
  128  11:05  Robotics Facility  
  128  11:08  Probe x3  
  128  11:11  Sentry x2, Unknown  
  134  11:12  High Templar x2  
  134  11:16  Dark Templar  
  144  11:21  Warp Prism, Archon  
  144  11:27  Stalker x4  
  144  11:28  Zealot x3  
  160  11:37  Probe  
  161  11:42  Dark Templar  
  161  11:43  Observer  
  161  11:46  Warp Prism  
  163  11:49  Shield Battery, Pylon  
  163  11:52  Stalker x4  
  173  12:02  Dark Templar  
  173  12:08  Zealot  
  167  12:19  Zealot x7  
  167  12:20  Zealot x2  
  167  12:21  Disruptor  
  186  12:30  Disruptor  
  175  12:44  Nexus  
  175  12:48  Zealot x7  
Tags
 
Add a new tag
Caveats
  • Supply blocks, unpowered buildings, or Contaminate may cause inaccurate times.
  • Supply counts are checked every 10 seconds.